 Dungeon Crawl Stone Soup version 0.28.0-53-g5a82cb258f (webtiles) character file.

Game seed: 1694888773020379190

2879 Plasmagod the Grappler (level 9, -1/88 HPs)
             Began as a Troll Monk on July 12, 2022.
             Was a Follower of Ru.
             Slain by an unseen horror (6 damage)
             ... on level 6 of the Dungeon.
             The game lasted 00:42:33 (6315 turns).

Plasmagod the Grappler (Troll Monk)                 Turns: 6315, Time: 00:42:34

Health: -1/88      AC:  5    Str: 23    XL:     9   Next: 48%
Magic:  8/8        EV: 12    Int:  6    God:    Ru [*.....]
Gold:   204        SH:  0    Dex: 14    Spells: 7/8 levels left

rFire   . . .      SeeInvis .     - Unarmed
rCold   . . .      Faith    .   (no shield)
rNeg    . . .      Spirit   .   a - +1 robe
rPois   .          Reflect  .   (helmet restricted)
rElec   .          Harm     .   (no cloak)
rCorr   .          Rampage  .   (gloves unavailable)
Will    .....                   (boots unavailable)
Stlth   ++........              (no amulet)
HPRegen 1.04/turn               (no ring)
MPRegen 0.11/turn               (no ring)

@: studying Slings
A: large, unfitting armour, claws 3, regeneration 1, shaggy fur 1, tough skin 1,
no ice magic, no necromancy magic, no transmutations magic
a: Renounce Religion


You were on level 6 of the Dungeon.
You worshipped Ru.
Ru was aware of your devotion.
You visited 2 branches of the dungeon, and saw 8 of its levels.

You collected 204 gold pieces.

Inventory:

Missiles
 q - 157 stones (quivered)
Armour
 a - a +1 robe (worn)
Wands
 c - a wand of flame (57)
 l - a wand of polymorph (23)
 m - a wand of acid (3)
Scrolls
 d - a scroll of identify
 k - a scroll of fear
 o - a scroll of acquirement {unknown}
Potions
 b - 4 potions of flight
 e - a potion of curing
 f - 2 potions of magic
 g - a potion of mutation
 j - a potion of resistance
 p - 2 potions of brilliance {unknown}
 r - a potion of cancellation {unknown}


   Skills:
 + Level 5.3 Fighting
 + Level 5.5 Dodging
 - Level 3.0 Stealth
 + Level 9.0 Unarmed Combat
 + Level 2.8 Earth Magic


You had 7 spell levels left.
You knew the following spells:

 Your Spells              Type           Power      Damage    Failure   Level
a - Sandblast             Erth           6%         2d5       16%         1

Your spell library contained the following spells:

 Spells                   Type           Power      Damage    Failure   Level
 Blink                    Tloc           0%         N/A       58%         2
 Stone Arrow              Conj/Erth      2%         3d7       65%         3
 Airstrike                Air            0%         N/A       99%         4
 Summon Lightning Spire   Summ/Air       0%         N/A       99%         4
 Lightning Bolt           Conj/Air       0%         1d11      100%        5
 Manifold Assault         Tloc           0%         N/A       100%        5
 Passwall                 Tmut/Erth      Unusable   N/A       N/A         2
 Frozen Ramparts          Ice            Unusable   1d2       N/A         3
 Ice Form                 Ice/Tmut       Unusable   N/A       N/A         4
 Summon Ice Beast         Ice/Summ       Unusable   N/A       N/A         4
 Storm Form               Tmut/Air       Unusable   N/A       N/A         7

Dungeon Overview and Level Annotations

Branches:
Dungeon (7/15)             Temple (1/1) D:5

Altars:
Cheibriados
Dithmenos
Fedhas
Gozag
Hepliaklqana
Kikubaaqudgha
Makhleb
Nemelex Xobeh
Okawaru
Qazlal
Ru
Sif Muna
Trog
Uskayaw
Xom
Yredelemnul
Zin


Innate Abilities, Weirdness & Mutations

You are too large for most types of armour.
You have claws for hands.
Your natural rate of healing is unusually fast.
You are covered in fur. (AC +1)
You have tough skin. (AC +1)
You cannot study or cast Ice magic.
You cannot study or cast Necromancy magic.
You cannot study or cast Transmutations magic.


Message History

There is a stone staircase leading up, spattered with blood here.
Something hits you.
* * * LOW HITPOINT WARNING * * *
Something hits you.
* * * LOW HITPOINT WARNING * * *
There is a stone staircase leading up, spattered with blood here.
Something hits you.
* * * LOW HITPOINT WARNING * * *
You climb upwards.
Reactivating autopickup.
There is a stone staircase leading down here.
Something hits you.
* * * LOW HITPOINT WARNING * * *
Deactivating autopickup; reactivate with Ctrl-A.
Something hits you.
* * * LOW HITPOINT WARNING * * *
You feel better. Something hits you but does no damage. Something hits you.
* * * LOW HITPOINT WARNING * * *
You miss something. Something hits you.
* * * LOW HITPOINT WARNING * * *
Something hits you.
* * * LOW HITPOINT WARNING * * *
Something hits you.
* * * LOW HITPOINT WARNING * * *
Something hits you.
* * * LOW HITPOINT WARNING * * *
Something hits you but does no damage. Something hits you.
* * * LOW HITPOINT WARNING * * *
Something hits you.
* * * LOW HITPOINT WARNING * * *
Something hits you but does no damage. Something hits you.
* * * LOW HITPOINT WARNING * * *
Something hits you but does no damage. x2
You barely miss something. Something hits you.
* * * LOW HITPOINT WARNING * * *
Something hits you.
You die...

..##..#####.......)............##
...#...##.##......##.............
...............##.#..............
#.....####........#.......#...#..
###....##.....................#..
......####....##.................
......#..........................
#.#...............############.##
####............@.######.#####.##
##....#.......###..............##
.......##......###...............
#.....###........................
#.....####................[......
#>.......#.......................
#................................
###.......................>......
##......###...#.............#..


There were no monsters in sight!

Vanquished Creatures
  Joseph (D:7)
  A gargoyle (D:7)
  Prince Ribbit (D:5)
  Eustachio (D:6)
  Menkaure (D:6)
  2 ice beasts
  2 black bears
  An ogre (D:5)
  A centaur (D:7)
  A kobold brigand (D:6)
  2 bullfrogs (D:7)
  Blork the orc (D:6)
  A gnoll sergeant (D:5)
  2 scorpions
  A water moccasin zombie (D:4)
  A water moccasin skeleton (D:5)
  2 howler monkeys
  2 bullfrog zombies
  A centaur zombie (D:5)
  2 bullfrog skeletons
  3 hounds
  A centaur skeleton (D:6)
  Crazy Yiuf (D:7)
  An iguana (D:4)
  5 orc wizards
  Robin (D:2)
  4 gnolls
  A howler monkey skeleton (D:7)
  5 adders
  3 shadow imps (D:7)
  4 dart slugs
  15 orcs
  7 bats
  5 endoplasms
  3 giant cockroaches
  17 goblins
  6 hobgoblins
  4 jackals (D:4)
  2 quokkas (D:3)
  4 ball pythons
  5 frilled lizards
  17 kobolds
  5 rats
146 creatures vanquished.

Vanquished Creatures (others)
  A fungus (D:7)
1 creature vanquished.

Grand Total: 147 creatures vanquished

Notes
Turn   | Place    | Note
-------+----------+-------------------------------------------
     0 | D:1      | Plasmagod the Troll Monk began the quest for the Orb.
     0 | D:1      | Reached XP level 1. HP: 22/22 MP: 0/0
   194 | D:1      | Reached XP level 2. HP: 29/29 MP: 1/1
   705 | D:2      | Reached XP level 3. HP: 36/36 MP: 2/2
   906 | D:2      | You fall into a shaft and drop 1 floor!
   998 | D:3      | Found a faded altar of an unknown god.
  1274 | D:3      | Reached XP level 4. HP: 41/44 MP: 3/3
  1557 | D:3      | Reached skill level 4 in Unarmed Combat
  1800 | D:2      | Noticed Robin
  1827 | D:2      | Killed Robin
  2414 | D:4      | Reached XP level 5. HP: 53/53 MP: 4/4
  2449 | D:4      | Identified the +0 ring mail of the Ditch-Digger {rC+
                  | Slay+3}
  2469 | D:4      | Found a shadowy altar of Dithmenos.
  2501 | D:4      | Learned a level 1 spell: Sandblast
  2663 | D:4      | Noticed a black bear
  2664 | D:4      | Reached skill level 5 in Unarmed Combat
  2839 | D:4      | Killed a black bear
  2840 | D:4      | Reached XP level 6. HP: 51/61 MP: 5/5
  3358 | D:5      | Entered Level 5 of the Dungeon
  3404 | D:5      | Reached skill level 6 in Unarmed Combat
  3411 | D:5      | Noticed Prince Ribbit
  3484 | D:5      | HP: 2/61 [Prince Ribbit (16)]
  3720 | D:5      | Found a staircase to the Ecumenical Temple.
  3725 | D:5      | Reached XP level 7. HP: 66/67 MP: 6/6
  3777 | Temple   | Entered the Ecumenical Temple
  3833 | Temple   | Became a worshipper of Ru the Awakened
  3836 | Temple   | Gained mutation: You cannot study or cast Ice magic. [Ru
                  | sacrifice]
  3836 | Temple   | Gained mutation: You cannot study or cast Transmutations
                  | magic. [Ru sacrifice]
  3836 | Temple   | Gained mutation: You cannot study or cast Necromancy magic.
                  | [Ru sacrifice]
  3836 | Temple   | Reached * piety under Ru
  3927 | D:5      | Reached skill level 7 in Unarmed Combat
  4158 | D:5      | Killed Prince Ribbit
  4180 | D:6      | Noticed Menkaure
  4181 | D:6      | Noticed Blork the orc
  4185 | D:6      | Killed Menkaure
  4186 | D:6      | Reached XP level 8. HP: 72/78 MP: 7/7
  4205 | D:6      | Killed Blork the orc
  4302 | D:6      | Noticed Eustachio
  4310 | D:6      | Killed Eustachio
  4311 | D:6      | Reached skill level 8 in Unarmed Combat
  4807 | D:7      | Reached skill level 1 in Earth Magic
  4864 | D:7      | HP: 3/79 [something (7)]
  4867 | D:7      | Found a runed translucent door.
  4867 | D:7      | Noticed Crazy Yiuf
  4867 | D:7      | HP: 1/79 [Crazy Yiuf/+4 quarterstaff of chaos (4)]
  4869 | D:7      | Killed Crazy Yiuf
  4870 | D:7      | Reached XP level 9. HP: 3/85 MP: 8/8
  4958 | D:7      | Identified the +6 mace of Burning Blind Justice {freeze,
                  | MP+9 Str+2 Dex+4}
  5461 | D:7      | Reached skill level 5 in Dodging
  5935 | D:7      | Noticed Joseph
  6075 | D:7      | Noticed a gargoyle
  6108 | D:7      | Killed Joseph
  6109 | D:7      | Reached skill level 5 in Fighting
  6225 | D:7      | Killed a gargoyle
  6226 | D:7      | Reached skill level 9 in Unarmed Combat
  6314 | D:6      | HP: 4/88 [something (5)]
  6315 | D:6      | Slain by an unseen horror

Illustrated notes

Levels and vault maps discovered:
D:1:      lightli_arrival_windingriver, layout_basic, hex_intersection,
          minmay_small_reverse_x
D:2:      layout_basic, uniq_robin
D:3:      layout_loops_corners, ebering_ecumenical_altar_hall
D:4:      layout_basic, nicolae_dithmenos_the_darkroom
D:5:      layout_rooms, minmay_temple_entry_crystal_x, cheibrodos_gnoll_hut,
          uniq_prince_ribbit1
D:6:      layout_cave_pools, minmay_manual_monolith, uniq_blork_the_orc,
          uniq_menkaure, uniq_eustachio
D:7:      layout_gridville, minmay_crossroads, uniq_crazy_yiuf_cottage,
          uniq_joseph
Temple:   compressed_dpeg_circular_temple

Skill      XL: |  1  2  3  4  5  6  7  8  9 |
---------------+----------------------------+-----
Unarmed Combat | 4 5 6 7 8 9 |  9.0
Fighting       | 3 4 5 |  5.3
Dodging        | 3 4 5 |  5.5
Stealth        | 2 3 |  3.0
Earth Magic    | 1 2 |  2.8

Action                   |  1- 3 |  4- 6 |  7- 9 || total
-------------------------+-------+-------+-------++-------
Melee: Unarmed           |   101 |   164 |   231 ||   496
       Punch             |       |     3 |    12 ||    15
       Hunting sling     |       |       |     1 ||     1
 Fire: Hunting sling     |       |       |     4 ||     4
 Cast: Sandblast         |       |       |     4 ||     4
Invok: Sacrifice Arcana  |       |       |     1 ||     1
Evoke: Wand              |       |     3 |       ||     3
  Use: Scroll            |     6 |     6 |     5 ||    17
       Potion            |       |     2 |     3 ||     5
 Stab: Sleeping          |    11 |     2 |     2 ||    15
       Distracted        |       |     1 |       ||     1
Armor: Robe              |    22 |    33 |    84 ||   139
       Animal skin       |       |    34 |       ||    34
       Skin              |       |       |     5 ||     5
Dodge: Dodged            |    46 |    86 |    93 ||   225
